 Dungeon Crawl Stone Soup version 0.30-a0-777-ga9a30cbeda (webtiles) character file.

Game seed: 4322987890667991514

44 Esekla the Sneak (level 3, -3/19 HPs)
             Began as a Vine Stalker Delver on Feb 13, 2023.
             Was an Initiate of Vehumet.
             Slain by a gnoll
             ... wielding a +0 whip
              (7 damage)
             ... on level 4 of the Dungeon.
             The game lasted 00:07:39 (605 turns).

Esekla the Sneak (Vine Stalker Delver)               Turns: 605, Time: 00:07:39

Health: -3/19      AC:  3    Str: 14    XL:     3   Next: 60%
Magic:  0/5        EV: 11    Int: 12    God:    Vehumet [......]
Gold:   20         SH:  0    Dex: 15    Spells: 3/3 levels left

rFire   . . .      SeeInvis .    a - +0 falchion
rCold   . . .      Faith    .    (no shield)
rNeg    . . .      Spirit   +    b - +0 leather armour
rPois   .          Reflect  .    (no helmet)
rElec   .          Harm     .    (no cloak)
rCorr   .          Rampage  .    (no gloves)
Will    .....                    (no boots)
Stlth   +++                      (no amulet)
HPRegen 0.23/turn                (no ring)
MPRegen 0.09/turn                (no ring)

@: no status effects
A: fangs 2, magic shield, antimagic bite, no potion heal 2
a: Renounce Religion


You were on level 4 of the Dungeon.
You worshipped Vehumet.
Vehumet was noncommittal.
You visited 2 branches of the dungeon, and saw 3 of its levels.

You collected 20 gold pieces.

Inventory:

Hand Weapons
 a - a +0 falchion (weapon)
 f - a +0 trident
 s - a +0 dagger
Missiles
 d - 2 poisoned darts (quivered)
Armour
 b - a +0 leather armour (worn)
Wands
 g - a wand of digging (3)
Scrolls
 c - a scroll of fog
 e - 2 scrolls of fear
 i - a scroll of magic mapping
 k - 3 scrolls of teleportation {unknown}
 l - a scroll of vulnerability {unknown}
 n - a scroll of identify {unknown}
Potions
 h - a potion of brilliance {unknown}
 j - 2 potions of degeneration {unknown}
 m - a potion of curing {unknown}


   Skills:
 * Level 2.9 Fighting
 * Level 2.2 Long Blades
 + Level 0.2 Armour
 + Level 1.6 Dodging
 + Level 6.6 Stealth
 * Level 0.8 Spellcasting


You had 3 spell levels left.
You didn't know any spells.
Your spell library was empty.

Dungeon Overview and Level Annotations

Branches:
Dungeon (5/15)             Temple (1/1) D:5

Altars:
Qazlal
Ru
Vehumet
Zin

Shops:
D:4 ?

Annotations:
D:4 Natasha, Pikel


Innate Abilities, Weirdness & Mutations

You have extremely sharp teeth.
When hurt, damage is shared between your health and your magic reserves.
Your bite disrupts and absorbs the magic of your enemies.
Potions cannot restore your health.


Message History

The dart slug closely misses you.
You hit the dart slug.
You kill the dart slug!
Vehumet accepts your kill. The goblin closely misses you.
The goblin attacks as you move away! The goblin hits you but does no damage.
You completely miss the goblin. The goblin hits you with a +0 dagger.
You hit the goblin.
You kill the goblin!
Vehumet accepts your kill.
You hear the brisk hiss of an avalanche of sand very nearby.
You closely miss the gnoll. You bite the gnoll. You drain its power.
The gnoll is moderately wounded.
The gnoll closely misses you.
You barely miss the gnoll. Your bite misses the gnoll.
The gnoll is moderately wounded.
The gnoll completely misses you.
You barely miss the gnoll. Your bite misses the gnoll.
The gnoll is moderately wounded.
The gnoll hits you with a +0 whip. x2
You hit the gnoll. Your bite misses the gnoll.
The gnoll is heavily wounded.
The gnoll barely misses you.
You completely miss the gnoll. You bite the gnoll. You drain its power.
You feel invigorated.
The gnoll is almost dead.
The gnoll hits you with a +0 whip!
You hit the gnoll but do no damage.
The gnoll is almost dead.
The gnoll hits you with a +0 whip.
You barely miss the gnoll.
The gnoll is almost dead.
The gnoll hits you with a +0 whip.
* * * LOW HITPOINT WARNING * * *
You hit the gnoll. Your bite misses the gnoll.
The gnoll is almost dead.
The gnoll hits you with a +0 whip.
* * * LOW HITPOINT WARNING * * *
The gnoll hits you with a +0 whip!
You die...

#### ..# #.# #@#
#g#######
.####.......########
..∩....†.g.#........#
.#########.#........###
....g.............'..
..g.?....#........###
.....................
g########............


You could see a gnoll.

Vanquished Creatures
  Natasha (D:4)
  An adder (D:4)
  A worm (D:4)
  A dart slug (D:4)
  A goblin (D:4)
  A hobgoblin (D:4)
  A ball python (D:4)
  A kobold (D:4)
8 creatures vanquished.

Notes
Turn   | Place    | Note
-------+----------+-------------------------------------------
     0 | D:5      | Esekla the Vine Stalker Delver began the quest for the Orb.
     0 | D:5      | Reached XP level 1. HP: 11/11 MP: 2/2
    72 | D:5      | Found a staircase to the Ecumenical Temple.
    81 | Temple   | Entered the Ecumenical Temple
    86 | Temple   | Became a worshipper of Vehumet
   117 | D:5      | Noticed an orc wizard
   117 | D:5      | Noticed an orc wizard
   153 | D:5      | Noticed an iguana
   238 | D:4      | Noticed a kobold brigand
   238 | D:4      | Noticed Pikel
   238 | D:4      | Noticed a lemure
   238 | D:4      | Noticed a lemure
   238 | D:4      | Noticed a lemure
   238 | D:4      | Noticed a lemure
   289 | D:5      | Noticed a gnoll bouda
   377 | D:4      | Reached XP level 2. HP: 16/16 MP: 3/3
   382 | D:4      | Noticed Natasha
   397 | D:4      | Killed Natasha
   398 | D:4      | Reached XP level 3. HP: 19/19 MP: 3/5
   408 | D:4      | Noticed a scorpion
   579 | D:4      | Noticed Natasha
   588 | D:4      | Found Igivinoj's Magic Scroll Boutique.
   605 | D:4      | Slain by a gnoll

Illustrated notes

Levels and vault maps discovered:
D:4:      layout_basic, serial_shops, shop, chequers_ossuary_entry_cave,
          nicolae_nh_ransacked_shop, uniq_natasha, uniq_pikel
D:5:      layout_basic, marbit_many_paths, minmay_temple_entry_junction_2,
          st_stairs_8, chequers_garden, hangedman_abyss_or_decor_stagger,
          minmay_strange_pillars, nicolae_zen_rock_garden
Temple:   zaba_magenta_temple

Skill      XL: |  1 |
---------------+----+-----
Long Blades    | 2 |  2.2
Fighting       | |  2.9
Armour         | |  0.2
Dodging        | |  1.6
Stealth        | |  6.6
Spellcasting   | |  0.8

Action                     || total
---------------------------++-------
  Melee: Falchion          ||    21
         Bite              ||     5
         Dagger            ||     4
    Use: Scroll            ||     3
         Potion            ||     1
   Stab: Sleeping          ||     2
         Distracted        ||     1
 Armour: Leather armour    ||     3
  Dodge: Dodged            ||    11

Table legend: (Time is in decaauts)
 A = Elapsed time spent in this place.
 B = Non-inter-level travel time spent in this place.
 C = Inter-level travel time spent in this place.
 D = Time resting spent in this place.
 E = Time spent auto-exploring this place.
 F = Levels seen in this place.
 G = Mean time per level.
                   A        B        C        D        E       F      G
               +--------+--------+--------+--------+--------+-----+--------+
         Total |    589 |    584 |      5 |     19 |      0 |   3 |  196.3 |
       Dungeon |    579 |    578 |      1 |     19 |      0 |   2 |  289.5 |
        Temple |      9 |      5 |      4 |      0 |      0 |   1 |    9.0 |
               +--------+--------+--------+--------+--------+-----+--------+

Top non-repeatable levels by time:
     D:4: 348 daAuts
     D:5: 231 daAuts
  Temple: 9 daAuts
